 Dungeon Crawl Stone Soup version 0.20.0-8-g6b59dc7 (webtiles) character file.

9 MTVSty1e the Chiller (level 2, 0/16 HPs)
             Began as a Gargoyle Ice Elementalist on June 2, 2017.
             Slain by Sigmund
             ... wielding a +0 scythe
              (8 damage)
             ... on level 2 of the Dungeon.
             The game lasted 00:02:44 (964 turns).

MTVSty1e the Chiller (Gargoyle Ice Elementalist)     Turns: 964, Time: 00:02:45

Health: 0/16       AC: 10    Str: 11    XL:     2   Next: 12%
Magic:  4/5        EV:  8    Int: 15    God:
Gold:   33         SH:  0    Dex: 10    Spells: 4/5 levels left

rFire    . . .     SeeInvis .   d - -2 club (curse)
rCold    . . .     Gourm    .   (no shield)
rNeg     + . .     Faith    .   g - +0 chain mail
rPois    ∞         Spirit   .   (no helmet)
rElec    +         Reflect  .   (no cloak)
rCorr    .         Harm     .   (no gloves)
MR       .....                  (no boots)
Stlth    ..........             (no amulet)
Regen    0.1/turn               h - +3 ring of evasion
MPRegen  0.1/turn               (no ring)

@: flying, very slightly contaminated
A: negative energy resistance 1, electricity resistance, unbreathing,
petrification resistance, rot immunity, AC +2
a: no special abilities


You were on level 2 of the Dungeon.
You were not hungry.

You visited 1 branch of the dungeon, and saw 2 of its levels.

You collected 33 gold pieces.

Inventory:

Hand Weapons
 d - a cursed -2 club (weapon)
 f - a +0 hand axe
Armour
 g - a +0 chain mail (worn)
Jewellery
 h - a +3 ring of evasion (left hand)
Potions
 e - a potion of flight
Books
 b - a book of Frost

   Spells                             Type                      Level
   a - Freeze                         Ice                          1
   b - Throw Frost                    Conjuration/Ice              2
   c - Ozocubu's Armour               Charms/Ice                   3
   d - Throw Icicle                   Conjuration/Ice              4
   e - Summon Ice Beast               Ice/Summoning                4
Comestibles
 c - a bread ration
 i - a meat ration


   Skills:
 + Level 1.5 Fighting
 * Level 0.6 Maces & Flails
 - Level 1.5 Dodging
 - Level 2.1 Stealth
 - Level 2.0 Spellcasting
   Level 1.1 Conjurations
 - Level 3.0 Ice Magic


You had 4 spell levels left.
You knew the following spells:

 Your Spells              Type           Power        Failure   Level  Hunger
a - Freeze                Ice            ##..         99%         1    #......


Dungeon Overview and Level Annotations

Branches:
Dungeon (2/15)

Altars:

Annotations:
D:2 Sigmund


Innate Abilities, Weirdness & Mutations

You are resistant to torment.
Your stone body is resilient. (AC +2)
You are immune to poison.
You resist negative energy. (rN+)
You are resistant to electric shocks. (rElec)
You can survive without breathing.
You are immune to petrification.
You are immune to rotting.


Message History

Sigmund hits you but does no damage.
You hit Sigmund but do no damage.
Sigmund is lightly wounded.
Casting: Freeze
Confirm with . or Enter, or press ? or * to list all spells.
Aiming: Freeze
Press: ? - help, Shift-Dir - straight line, f - Sigmund
Aim: Sigmund, wielding a scythe and wearing a robe (lightly wounded)
You miscast Freeze.
You are very lightly contaminated with residual magic.
You feel uncomfortably cold. Sigmund hits you with a scythe.
You barely miss Sigmund.
Sigmund is lightly wounded.
Sigmund gestures at you while chanting. The magic dart hits you!
You closely miss Sigmund.
Sigmund is lightly wounded.
Sigmund hits you with a scythe!
Ouch! That really hurt!
You die...

#.# .#.#
#.##.#.
#.#... .....
##.#.##
#.....# #
#@....#
###.##.@...#
...........#
######.<...#
###.### .#
.# .# .# ..


You could see Sigmund.

Vanquished Creatures
  A bat (D:1)
  2 goblins (D:1)
  2 hobgoblins (D:1)
  A frilled lizard (D:1)
  2 rats (D:1)
8 creatures vanquished.

Notes
Turn   | Place    | Note
-------+----------+-------------------------------------------
     0 | D:1      | MTVSty1e the Gargoyle Ice Elementalist began the quest for the Orb.
     0 | D:1      | Reached XP level 1. HP: 10/10 MP: 3/3
     6 | D:1      | Noticed a lindwurm
     6 | D:1      | Noticed a water moccasin
     7 | D:1      | Noticed a black bear
   234 | D:1      | Reached skill level 1 in Fighting
   408 | D:1      | Reached XP level 2. HP: 10/16 MP: 5/5
   953 | D:2      | Noticed Sigmund
   964 | D:2      | Slain by Sigmund

Skill      XL: |  1 |
---------------+----+-----
Fighting       | 1 |  1.5
Maces & Flails | |  0.6
Dodging        | |  1.5
Stealth        | |  2.1
Spellcasting   | |  2.0
Conjurations   | |  1.1
Ice Magic      | |  3.0

Action                   || total
-------------------------++-------
Melee: Club              ||    55
       Unarmed           ||     1
 Cast: Freeze            ||     1
  Use: Scroll            ||     1
       Potion            ||     1
Armor: Robe              ||    13
       Chain mail        ||    15
Dodge: Dodged            ||    32
